 Dungeon Crawl Stone Soup version 0.19.1-1-g22dce08 (webtiles) character file.

25 Jynx the Gusty (level 3, -4/19 HPs)
             Began as a Tengu Air Elementalist on Jan 13, 2017.
             Slain by Sigmund
             ... wielding a +0 scythe
              (13 damage)
             ... on level 2 of the Dungeon.
             The game lasted 00:02:10 (1361 turns).

Jynx the Gusty (Tengu Air Elementalist)             Turns: 1361, Time: 00:02:11

Health: -4/19      AC:  3    Str:  8    XL:     3   Next: 6%
Magic:  0/7        EV: 12    Int: 16    God:
Gold:   61         SH:  0    Dex: 14    Spells: 3 memorised, 1 level left

rFire  . . .     SeeInvis .     m - -1 dagger (curse)
rCold  . . .     Gourm    .     a - +0 robe
rNeg   . . .     Faith    .     (no shield)
rPois  .         Spirit   .     (helmet restricted)
rElec  .         Reflect  .     e - +0 cloak
rCorr  .         Harm     .     (no gloves)
MR     .....                    (boots unavailable)
Stlth  ++........               (no amulet)
                                (no ring)
                                (no ring)

@: repel missiles
A: beak, talons 3
a: no special abilities


You were on level 2 of the Dungeon.
You were very hungry.

You visited 1 branch of the dungeon, and saw 2 of its levels.

You collected 61 gold pieces.

Inventory:

Hand Weapons
 m - a cursed -1 dagger (weapon)
Armour
 a - a +0 robe (worn)
 e - a +0 cloak (worn)
Scrolls
 d - 2 scrolls of remove curse {unknown}
 f - a scroll of identify {unknown}
 k - a scroll of blinking {unknown}
Potions
 h - a potion of magic {unknown}
 i - a potion of haste {unknown}
 j - a potion of might {unknown}
 l - a potion of ambrosia {unknown}
Books
 b - a book of Air

   Spells                             Type                      Level
   a - Shock                          Conjuration/Air              1
   b - Swiftness                      Charms/Air                   2
   c - Repel Missiles                 Charms/Air                   2
   d - Static Discharge               Conjuration/Air              3
   e - Lightning Bolt                 Conjuration/Air              5
Comestibles
 c - a bread ration
 g - 3 fruits


   Skills:
 - Level 2.1 Dodging
 - Level 2.0 Stealth
 + Level 2.1 Spellcasting
 + Level 2.6 Conjurations
 * Level 4.7 Air Magic


You had one spell level left.
You knew the following spells:

 Your Spells              Type           Power        Failure   Level  Hunger
a - Shock                 Conj/Air       ##..         6%          1    #......
b - Repel Missiles        Chrm/Air       #.....       14%         2    ###....
c - Swiftness             Chrm/Air       #.......     14%         2    ###....


Dungeon Overview and Level Annotations

Branches:
Dungeon (2/15)

Altars:

Annotations:
D:2 Sigmund


Innate Abilities, Weirdness & Mutations

You have a beak for a mouth.
You have claws for feet.


Message History

Aiming: Shock
Press: ? - help, Shift-Dir - straight line, f/p - Sigmund
Aim: Sigmund, wielding a scythe and wearing a robe (heavily wounded)
The zap hits Sigmund.
Sigmund is severely wounded.
Sigmund mumbles some strange words.
Sigmund flickers and vanishes!
Casting: Shock
Confirm with . or Enter, or press ? or * to list all spells.
You don't have enough magic to cast that spell.
Casting: Shock
Confirm with . or Enter, or press ? or * to list all spells.
You don't have enough magic to cast that spell.
Casting: Shock
Confirm with . or Enter, or press ? or * to list all spells.
You don't have enough magic to cast that spell.
Something barely misses you. Something hits you!
Ouch! That really hurt!
You die...

##.####.#####
#...<....#
#........#
#........#
#........#
..##......<.#
......>....#
.###.<.....#
#..{@.....#
###.......#
#.......#
#..######
...# .#..#
..#..# .#
#†.# #. ...#


There were no monsters in sight!

Vanquished Creatures
  An ooze (D:1)
  A leopard gecko (D:1)
  A giant cockroach (D:1)
  4 goblins
  2 hobgoblins
  3 kobolds
  A quokka (D:2)
  3 frilled lizards (D:1)
  4 rats
20 creatures vanquished.

Notes
Turn   | Place    | Note
-------+----------+-------------------------------------------
     0 | D:1      | Jynx the Tengu Air Elementalist began the quest for the Orb.
     0 | D:1      | Reached XP level 1. HP: 10/10 MP: 4/4
   268 | D:1      | Reached XP level 2. HP: 15/15 MP: 0/6
  1171 | D:2      | Learned a level 2 spell: Repel Missiles
  1174 | D:2      | Learned a level 2 spell: Swiftness
  1229 | D:2      | Noticed Sigmund
  1303 | D:1      | Reached XP level 3. HP: 19/19 MP: 5/7
  1361 | D:2      | Slain by Sigmund

Skill      XL: |  1 |
---------------+----+-----
Conjurations   | 2 |  2.6
Dodging        | |  2.1
Stealth        | |  2.0
Spellcasting   | |  2.1
Air Magic      | |  4.7

Action                   || total
-------------------------++-------
Melee: Unarmed           ||    16
       Kick              ||     3
       Peck              ||     3
 Cast: Shock             ||    49
       Repel Missiles    ||     1
  Eat: Fruit             ||     1
Armor: Robe              ||     1
Dodge: Dodged            ||    14
